← All builds
Suicide front / Armada / Economy first / OBSERVED BUILD

Janus skirmish rush

Armada Suicide front build order · Supreme Isthmus

An early Vehicle Plant feeds T1 vehicle skirmishers led by Janus from about 1:30, pushing into the middle well ahead of the role's norm with Rover raiding and Shellshocker artillery supporting before transitioning into Blitz later.

#rush #artillery #push · 162 distinct matches · 41 players · 5% of Armada Suicide front games · team won 55% of 164 · Recently observed

THE CATCH, AND WHAT COMES WITH IT
  • JanusT1 vehicle skirmishers from 1:30 · 6% of role by thenFrom the Vehicle Plant. Only 6% of Suicide front games have it by then; others who build it get it around 1:43
  • Vehicle PlantVehicle Plant in 99%6% of all Suicide front games by then
  • RoverScout in 99%5% of all Suicide front games by then
  • BlitzBlitz in 59%6% of all Suicide front games by then
  • ShellshockerArty in 48%2% of all Suicide front games by then

Started with Janus (91%), Whistler (9%).

Where those units first fight, in 164 games with kill data: in the middle 96%.

Those units destroy a typical 3,030 metal of enemy units by 15:00.

Then transitions into blitz (27% of army), missile truck (13% of army).

HOW TO PLAY IT

Key timing: Janus skirmishers by 1:30

  1. Skip the usual Bot Lab open and drop a Vehicle Plant immediately.
  2. Have the Vehicle Plant finish and start pumping T1 vehicles.
  3. Push out with Janus skirmishers far earlier than the role norm.
  4. Bring Rover scouts to raid and Shellshocker artillery to back the push.
  5. Transition into Blitz and Whistler as the main middle army.

Phase by phase

TYPICAL OF ITS 162 GAMES · AGAINST STANDARD SUICIDE FRONT
  1. 1
  2. 2
  3. 3
  4. 4
PLAY THE OPENING

Follow the example game's first 6:00 step by step: what to build now, what comes next, and where it goes. At 1× it keeps pace with your own game.

  1. 1

    Up to the Vehicle Plant

    Economy
    • Metal Extractor3Mex+2 vs standard
    Order
    1. Vehicle PlantVehicle Plant after 3 mexdone ~0:47, middle half 0:37–0:58

    By 0:28 in all: 3 mex (standard 1)

    The example game in this phase · 5 steps
    1. Mex ×2
    2. SentrySentry
    3. Mex
    4. Radar TowerRadar Tower
    5. Vehicle PlantVehicle Plantdone 1:02 · typical 0:47
  2. 2

    Vehicle Plant to T1 vehicle skirmishers

    Economy
    • Wind Turbine1Wind
    Order
    1. JanusT1 vehicle skirmishers after 3 mex, 2 wind
    Builders
    • Construction Vehicle2 Con vehicle +2 vs standard
    Army
    • Rover2 Scout +2 vs standard

    Some games also: mex (42%)

    The standard build makes here, this one skips: 2 mex · 2 con bot

    By 1:30 in all: 3 mex · 2 wind

    The example game in this phase · 6 steps
    1. Construction VehicleCon vehicle
    2. Wind ×3
    3. Construction VehicleCon vehicle
    4. Energy storage
    5. Wind
    6. JanusJanusdone 2:08
  3. 3

    T1 vehicle skirmishers to 5:00

    Economy
    • Metal Extractor2Mex
    • Wind Turbine3Wind
    Builders
    • Construction Vehicle1 Con vehicle
    Army
    • Sentry2 Sentry
    • Janus3 Janus +3 vs standard
    • Whistler3 Missile truck +3 vs standard
    Other
    • Radar Tower1 Radar Tower

    Some games also: Dragon's Teeth (43%) · arty (42%) · blitz (35%)

    The standard build makes here, this one skips: 16 rocketeer

    By 5:00 in all: 5 mex · 5 wind

    The example game in this phase · 24 steps
    1. Wind
    2. Mex
    3. SentrySentry
    4. JanusJanus
    5. Wind
    6. JanusJanus
    7. Wind
    8. JanusJanus
    9. Wind
    10. Con turret
    11. JanusJanus
    12. Wind
    13. BlitzBlitz
    14. Wind
    15. BlitzBlitz
    16. Wind
    17. BlitzBlitz
    18. Wind ×2
    19. BlitzBlitz
    20. Wind
    21. BlitzBlitz
    22. Con turret
    23. BlitzBlitz
    24. Construction VehicleCon vehicle ×2
  4. 4

    5:00 to 10:00

    Economy
    • Metal Extractor1Mex
    • Wind Turbine12Wind
    Builders
    • Construction Turret2 Con turret
    • Construction Vehicle1 Con vehicle
    Army
    • Sentry2 Sentry
    • Blitz8 Blitz +8 vs standard
    • Whistler1 Missile truck

    Some games also: energy storage (44%) · Radar Tower (34%) · Dragon's Teeth (33%) · janus (33%) · Beamer (33%)

    The standard build makes here, this one skips: 2 Lazarus · 8 rocketeer

    By 10:00 in all: 6 mex · 18 wind · 1 energy storage · 2 con turret

    The example game in this phase · 88 steps
    1. Construction VehicleCon vehicle ×2
    2. GauntletGauntlet ×2not finished by 15:00
    3. Vehicle PlantEat Vehicle Plantreclaimed for its metal
    4. Wind
    5. Con turret
    6. Wind
    7. ChainsawChainsaw
    8. Converter
    9. Wind
    10. Sneaky PeteSneaky Pete
    11. Wind ×3
    12. Converter
    13. Wind ×4
    14. Con turret
    15. Converter
    16. Wind ×2
    17. BeamerBeamer
    18. Wind ×3
    19. Converter
    20. Wind ×3
    21. Con turret
    22. Bot LabBot Labdone 8:25
    23. Wind
    24. Converter
    25. Sneaky PeteSneaky Pete
    26. Advanced Metal ExtractorT2 mexdone 9:04 · typical 9:33
    27. LazarusLazarus
    28. Converter
    29. LazarusLazarus
    30. Advanced Metal ExtractorT2 mex
    31. LazarusLazarus
    32. TickTick
    33. Converter
    34. TickTick ×6
    35. Advanced Metal ExtractorT2 mex
    36. TickTick ×2
    37. Converter
    38. TickTick ×7
    39. Converter
    40. TickTick
    41. Advanced Metal ExtractorT2 mex
    42. TickTick
    43. Wind
    44. Con turret
    45. TickTick
    46. Wind ×2
    47. TickTick
    48. Wind
    49. TickTick
    50. Converter
    51. Wind
    52. TickTick
    53. Wind
    54. TickTick ×2
    55. Wind
    56. TickTick
    57. Wind
    58. TickTick
    59. Wind
    60. TickTick ×3
    61. Wind
    62. TickTick
    63. PulsarPulsarnot finished by 15:00
    64. TickTick
    65. Wind ×2
    66. Converter
    67. TickTick ×2
    68. Wind
    69. TickTick ×3
    70. Wind ×2
    71. TickTick
    72. Wind ×3
    73. BeamerBeamer
    74. Wind ×4
    75. BeamerBeamer
    76. Wind ×5
    77. BeamerBeamer ×2
    78. Bot LabBot Labdone 13:44
    79. Wind
    80. LazarusLazarus
    81. Wind
    82. LazarusLazarus
    83. Wind
    84. LazarusLazarus
    85. Wind
    86. LazarusLazarus
    87. Wind
    88. Advanced Metal ExtractorT2 mex

Counts are medians over the build's games: half of them build more, half fewer. The example game is Hummell's (49 OS, 11/10/2026); pick another.

Team trades

IN AT LEAST 30% OF ITS GAMES

You hand over

Nothing regular.

You get

  • Tidal Generator4 Tidal from Pondfirst at 0:09 · in 75% of games
  • Advanced Construction Bot1 T2 con bot from Geo or Techfirst at 7:20 · in 53% of games

How it plays out

Typical game of this build against the role’s standard build, running totals by minute

  • This build
  • Standard suicide front

Metal produced

010k20k
0:005:0010:0015:00

metal

Enemy metal destroyed

05k10k
0:005:0010:0015:00

metal

Own metal lost

05k10k
0:005:0010:0015:00

metal

164 games.

Show as table
ByMetal produced: This buildMetal produced: Standard suicide frontEnemy metal destroyed: This buildEnemy metal destroyed: Standard suicide frontOwn metal lost: This buildOwn metal lost: Standard suicide front
1:003862300000
2:0092488700310
3:001711200922718462130
4:0027693110699645363501
5:0037914185130613578531000
6:00485653492117218315101712
7:00592765392979305121312597
8:00712377603655393930283502
9:00825890464665470036614376
10:009638104185370531444505163
11:0011383118945762585852855965
12:0013188136066305640759666686
13:0015028154076744687965717437
14:0016368172987410750571608212
15:0017755192697932810983298991
WHAT THE NUMBERS SAY

Slightly underperformed the standard build on wins, metal, and enemy metal destroyed, a riskier take on the role's job.

  • + Still destroys a solid 7944 enemy metal by 15:00.
  • + Own losses by 15:00 (8931) stay close to standard (9182).
  • − Won less often than the standard build (56% vs 58%).
  • − Metal production trails standard at every checkpoint through 15:00.
THE EXAMPLE YOU ARE READING

Hummell

48.5 OS · 11/10/2026

Open source match ↗

6 received units · includes a constructor
733 metal received · 13721 energy received

Allied construction assistance is unknown. Timings are observations, not a promise of solo reproducibility.

Typical milestones

Vehicle Plant0:47Middle 50%: 0:37–0:58 · n=164
Advanced Metal Extractor9:33Middle 50%: 8:42–10:35 · n=113

Played most by

Kcorp45games of this buildHummell29games of this buildAdeus9games of this buildImmort9games of this buildRexalidus9games of this build